 Dungeon Crawl Stone Soup version 0.21.0-24-g2553a3340b (webtiles) character file.

580 Andry07 the Fighter (level 7, -3/51 HPs)
             Began as a Gargoyle Fighter on Jan 22, 2018.
             Slain by an ogre
             ... wielding a +0 giant spiked club
              (7 damage)
             ... on level 3 of the Dungeon.
             The game lasted 00:03:37 (3192 turns).

Andry07 the Fighter (Gargoyle Fighter)              Turns: 3192, Time: 00:03:38

Health: -3/51      AC: 14    Str: 22    XL:     7   Next: 36%
Magic:  7/7        EV:  7    Int:  8    God:
Gold:   138        SH:  9    Dex:  9    Spells: 6/6 levels left

rFire    . . .     SeeInvis .   a - +0 flail
rCold    . . .     Gourm    .   c - +0 shield
rNeg     + . .     Faith    .   b - +0 scale mail
rPois    ∞         Spirit   .   (no helmet)
rElec    +         Reflect  .   l - +0 cloak
rCorr    .         Harm     .   j - +0 pair of gloves
MR       .....                  (no boots)
Stlth    ..........             (no amulet)
HPRegen  0.17/turn              q - +1 ring of protection
MPRegen  0.10/turn              (no ring)

@: no status effects
A: negative energy resistance 1, electricity resistance, unbreathing,
petrification resistance, rot immunity, AC +4
a: no special abilities


You were on level 3 of the Dungeon.
You were hungry.

You visited 1 branch of the dungeon, and saw 5 of its levels.

You collected 138 gold pieces.

Inventory:

Hand Weapons
 a - a +0 flail (weapon)
Armour
 b - a +0 scale mail (worn)
 c - a +0 shield (worn)
 j - a +0 pair of gloves (worn)
 l - a +0 cloak (worn)
Jewellery
 q - a +1 ring of protection (left hand)
Scrolls
 h - a scroll of immolation
 i - 2 scrolls of amnesia
 s - a scroll of remove curse
 u - 2 scrolls of teleportation
 v - a scroll of enchant weapon {unknown}
 w - a scroll of identify
Potions
 d - 5 potions of might
 e - 3 potions of resistance {unknown}
 g - a potion of flight {unknown}
 k - a potion of brilliance {unknown}
 m - a potion of heal wounds {unknown}
 n - 2 potions of lignification {unknown}
 o - a potion of cancellation {unknown}
 p - 2 potions of invisibility {unknown}
 r - a potion of degeneration {unknown}
 t - a potion of curing {unknown}
Comestibles
 f - 9 rations


   Skills:
 + Level 9.1 Fighting
 - Level 2.0 Maces & Flails
 - Level 3.2 Armour
 - Level 3.2 Shields


You had 6 spell levels left.
You didn't know any spells.

Dungeon Overview and Level Annotations

Branches:
Dungeon (5/15)
 Temple: D:4-7

Altars:
Hepliaklqana
Makhleb
Wu Jian


Innate Abilities, Weirdness & Mutations

You are resistant to torment.
Your stone body is resilient. (AC +4)
You are immune to poison.
You resist negative energy. (rN+)
You are resistant to electric shocks. (rElec)
You can survive without breathing.
You are immune to petrification.
You are immune to rotting.


Message History

The ogre is almost dead.
The ogre closely misses you.
You closely miss the ogre.
The ogre is almost dead.
The ogre hits you with a giant spiked club!
* * * LOW HITPOINT WARNING * * *
You barely miss the ogre.
The ogre is almost dead.
You block the ogre's attack.
You barely miss the ogre.
The ogre is almost dead.
You block the ogre's attack.
You barely miss the ogre.
The ogre is almost dead.
The ogre hits you with a giant spiked club!
* * * LOW HITPOINT WARNING * * *
You barely miss the ogre.
The ogre is almost dead.
The ogre hits you with a giant spiked club!
You die...

.........# #..##.....##.##'##
####...#.# #..#.......#.##.#
#...#.# #..#.......#)##.####
####...########....._.....##.....
.......'........#.......#........
.......#######..#.......#.##(....
.......# ##.##.....##.##.....
.....####### #.####.####.##.....
.....##....# #.@O...............
.....##....# ###...###..........
#'#####....# ##.## #..........
#.# #....#######..# #..........
#'#####....#......#.###.....#####
........÷..#......#..##.....#####
.........###......##.##.###......
.........'.'......##.##.# #......
.........###......##..#.###......


You could see an ogre.

Vanquished Creatures
  Sigmund (D:3)
  An ogre (D:4)
  2 scorpions
  A howler monkey (D:4)
  3 orc wizards (D:5)
  A worker ant (D:4)
  5 adders
  2 oozes (D:3)
  A worm (D:2)
  A dart slug (D:1)
  A leopard gecko (D:4)
  2 orcs
  2 giant cockroaches
  6 goblins
  3 hobgoblins
  3 quokkas
  3 ball pythons
  6 bats
  6 frilled lizards
  7 kobolds
  A quokka zombie (D:3)
  7 rats
65 creatures vanquished.

Notes
Turn   | Place    | Note
-------+----------+-------------------------------------------
     0 | D:1      | Andry07 the Gargoyle Fighter began the quest for the Orb.
     0 | D:1      | Reached XP level 1. HP: 14/14 MP: 1/1
   224 | D:1      | Reached XP level 2. HP: 18/20 MP: 2/2
   316 | D:1      | Reached skill level 4 in Fighting
   977 | D:2      | Reached XP level 3. HP: 24/24 MP: 3/3
  1259 | D:2      | Reached skill level 5 in Fighting
  1674 | D:3      | Reached XP level 4. HP: 29/31 MP: 4/4
  1678 | D:3      | Found a burning altar of Makhleb.
  1703 | D:3      | Noticed Sigmund
  1726 | D:3      | Killed Sigmund
  1726 | D:3      | Reached skill level 7 in Fighting
  1726 | D:3      | Reached XP level 5. HP: 22/38 MP: 5/5
  1726 | D:3      | Reached XP level 6. HP: 26/44 MP: 6/6
  2240 | D:3      | Found an ornate altar of the Wu Jian Council.
  2442 | D:4      | Found a hazy altar of Hepliaklqana.
  2593 | D:4      | Reached skill level 8 in Fighting
  2651 | D:4      | Reached XP level 7. HP: 20/50 MP: 7/7
  2967 | D:5      | Entered Level 5 of the Dungeon
  3061 | D:5      | Reached skill level 9 in Fighting
  3192 | D:3      | Slain by an ogre

Skill      XL: |  1  2  3  4  5  6  7 |
---------------+----------------------+-----
Fighting       | 4 5 7 8 9 |  9.1
Maces & Flails | |  2.0
Armour         | |  3.2
Shields        | |  3.2

Action                   |  1- 3 |  4- 6 |  7- 9 || total
-------------------------+-------+-------+-------++-------
Melee: Flail             |   126 |   119 |    53 ||   298
       Whip              |       |    18 |       ||    18
  Use: Scroll            |       |     5 |       ||     5
  Eat: Chunk             |     2 |     4 |     1 ||     7
Armor: Scale mail        |    62 |    62 |    17 ||   141
Dodge: Dodged            |    50 |    40 |    11 ||   101
Block: Shield            |    77 |    62 |    26 ||   165
